 Dungeon Crawl Stone Soup version 0.22-a0-568-g270d1ae (webtiles) character file.

144383 vinnietd the Fencer (level 18, 0/161 HPs)
             Began as a Formicid Fighter on June 29, 2018.
             Was the Champion of Okawaru.
             Slain by a snapping turtle (8 damage)
             ... on level 4 of the Shoals.
             The game lasted 01:31:16 (28520 turns).

vinnietd the Fencer (Formicid Fighter)             Turns: 28520, Time: 01:31:17

Health: 0/161      AC: 38    Str: 36    XL:     18   Next: 1%
Magic:  23/25      EV:  7    Int: 15    God:    Okawaru [******]
Gold:   807        SH: 26    Dex: 21    Spells: 21/27 levels left

rFire    + + +     SeeInvis +   z - +1 demon blade (elec)
rCold    + + +     Gourm    .   h - +1 large shield {reflect}
rNeg     + . .     Faith    .   w - +9 scales of the Dragon King {rPois rF+ rC+ MR+}
rPois    +         Spirit   .   (helmet unavailable)
rElec    +         Reflect  +   I - scarf {repulsion}
rCorr    +         Harm     .   H - +2 pair of gloves
MR       ++...                  d - +0 pair of boots of the Buccaneer {rElec rN+ Str+3}
Stlth    ..........             M - amulet of Anarchy {Reflect rC+++ Str+6 Dex+4 SH+2 Stlth-}
HPRegen  0.76/turn              T - ring "Tuozu" {AC+4 Dex+5}
MPRegen  0.19/turn              j - ring of Lagesyqe {rPois rF+ rC+}

@: brilliant, resistant, finesse, engulfed (cannot breathe), mesmerised, repel
missiles
A: permanent stasis, dig shafts and tunnels, four strong arms, antennae 3, thin
skeletal structure 1, low mp 1, regeneration 1, robust 1
a: Dig, Shaft Self, Heroism, Finesse, Renounce Religion


You were on level 4 of the Shoals.
You worshipped Okawaru.
Okawaru was exalted by your worship.
You were not hungry.

You visited 4 branches of the dungeon, and saw 27 of its levels.
You also visited: Labyrinth.

You collected 2338 gold pieces.
You spent 1531 gold pieces at shops.

Inventory:

Hand Weapons
 a - a +4 vampiric falchion
 c - a +1 long sword of flaming
 z - a +1 demon blade of electrocution (weapon)
 Q - the +2 triple sword "Qoqo" {antimagic, *Corrode rPois Int+5}
   (Okawaru gifted it to you on level 14 of the Dungeon)

   It reduces the magical energy of the wielder, and disrupts the spells and
   magical abilities of those hit.
   Natural abilities and divine invocations are not affected.
   It affects your intelligence (+5).
   It protects you from poison.
   It may corrode you when you take damage.
Armour
 d - the +0 pair of boots of the Buccaneer (worn) {rElec rN+ Str+3}
   (Okawaru gifted it to you on level 2 of the Orcish Mines)

   It affects your strength (+3).
   It insulates you from electricity.
   It protects you from negative energy.
 h - a +1 large shield of reflection (worn)
 w - the +9 scales of the Dragon King (worn) {rPois rF+ rC+ MR+}
   (You found it on level 2 of the Shoals)

   It protects you from fire.
   It protects you from cold.
   It protects you from poison.
   It affects your resistance to hostile enchantments.
 H - a +2 pair of gloves (worn)
 I - a scarf of repulsion (worn)
 O - the +9 plate armour "Epixtiho" {Slay+3}
   (Okawaru gifted it to you on level 6 of the Lair of Beasts)

   It affects your accuracy and damage with ranged weapons and melee attacks
   (+3).
Jewellery
 j - the ring of Lagesyqe (right hand) {rPois rF+ rC+}
   (You found it on level 3 of the Shoals)

   [ring of protection from fire]

   It protects you from fire.
   It protects you from cold.
   It protects you from poison.
 M - the amulet of Anarchy (around neck) {Reflect rC+++ Str+6 Dex+4 SH+2 Stlth-}
   (You found it on level 3 of the Shoals)

   [amulet of reflection]

   It shields you and reflects attacks.
   It affects your strength (+6).
   It affects your dexterity (+4).
   It renders you almost immune to cold.
   It affects your SH (+2).
   It makes you less stealthy.
 T - the ring "Tuozu" (left hand) {AC+4 Dex+5}
   (You found it on level 3 of the Shoals)

   [ring of protection]

   It affects your AC (+4).
   It affects your dexterity (+5).
Wands
 r - a wand of acid (5)
 x - a wand of paralysis (16)
 E - a wand of iceblast (23)
 G - a wand of scattershot (10)
 S - a wand of disintegration (41)
Scrolls
 e - 6 scrolls of identify {@r1}
 g - 5 scrolls of remove curse {@r2}
 l - 5 scrolls of fog
 p - 5 scrolls of magic mapping
 t - 2 scrolls of fear
 y - 3 scrolls of enchant armour
 C - 3 scrolls of amnesia
 N - 4 scrolls of vulnerability
 R - a scroll of silence
Potions
 i - 4 potions of flight
 k - 17 potions of curing {@q1}
 o - 5 potions of ambrosia
 s - a potion of magic
 D - 2 potions of agility
 K - a potion of invisibility
 L - 4 potions of might
Miscellaneous
 F - a phial of floods
 P - a lightning rod (4/4)
Comestibles
 b - 17 chunks of flesh
 f - 41 rations


   Skills:
 + Level 14.3 Fighting
 * Level 15.8 Long Blades
 + Level 14.2 Armour
 - Level 15.0 Shields
 + Level 5.1 Spellcasting
 + Level 5.5 Transmutations
 + Level 6.1 Earth Magic
 - Level 13.3 Invocations


You had 21 spell levels left.
You knew the following spells:

 Your Spells              Type           Power        Failure   Level  Hunger
a - Statue Form           Tmut/Erth      ####.....    87%         6    #######

Your spell library contained the following spells:

 Spells                   Type           Power        Failure   Level  Hunger
 Bolt of Magma            Conj/Fire/Erth ###.......   85%         5    ######.
 Confuse                  Hex            ##......     43%         3    ###....
 Venom Bolt               Conj/Pois      ##........   97%         5    ######.
 Death's Door             Chrm/Necr      ##........   100%        8    #######
 Summon Small Mammal      Summ           ##..         19%         1    None
 Animate Dead             Necr           N/A          78%         4    ####...
 Pain                     Necr           ##..         19%         1    None
 Animate Skeleton         Necr           N/A          19%         1    None
 Vampiric Draining        Necr           ##........   43%         3    ###....
 Haunt                    Necr/Summ      ##........   100%        7    #######
 Borgnjor's Revivificati  Necr           ##........   100%        8    #######
 Summon Ice Beast         Ice/Summ       ##......     78%         4    ####...
 Call Imp                 Summ           ##......     26%         2    ##.....
 Regeneration             Chrm/Necr      ##........   43%         3    ###....
 Tukima's Dance           Hex            ##......     43%         3    ###....
 Iron Shot                Conj/Erth      ###.......   99%         6    #######
 Spider Form              Tmut/Pois      ###.......   17%         3    ###....
 Blade Hands              Tmut           ####......   41%         5    ######.
 Ice Form                 Ice/Tmut       ###.....     45%         4    ####...
 Necromutation            Tmut/Necr      ###.......   100%        8    #######
 Confusing Touch          Hex            ##....       19%         1    None
 Sticks to Snakes         Tmut           ####....     3%          2    ##.....
 Call Canine Familiar     Summ           ##......     43%         3    ###....
 Ensorcelled Hibernation  Hex/Ice        ##....       26%         2    ##.....
 Metabolic Englaciation   Hex/Ice        ##........   97%         5    ######.
 Shatter                  Erth           ####......   100%        9    #######
 Corona                   Hex            ##.....      19%         1    None
 Petrify                  Tmut/Erth      ####....     17%         4    ####...
 Orb of Destruction       Conj           ##........   100%        7    #######
 Leda's Liquefaction      Hex/Erth       ###.......   41%         4    ####...
 Beastly Appendage        Tmut           ####..       2%          1    None
 Iskenderun's Battlesphe  Conj/Chrm      ##......     97%         5    ######.
 Dazzling Spray           Conj/Hex       ##....       43%         3    ###....
 Summon Lightning Spire   Summ/Air       ##......     78%         4    ####...
 Summon Guardian Golem    Hex/Summ       ##......     43%         3    ###....
 Spellforged Servitor     Conj/Summ      ##........   100%        7    #######
 Gell's Gravitas          Tloc           ##........   43%         3    ###....
 Yara's Violent Unravell  Hex/Tmut       ###.......   77%         5    ######.
 Infestation              Necr           ##........   100%        8    #######


Dungeon Overview and Level Annotations

Branches:
Dungeon (15/15)            Temple (0/1) D:5            Lair (6/6) D:9
 Shoals (4/4) Lair:3        Snake (0/4) Lair:4        Slime (0/5) Lair:6
    Orc (2/2) D:9             Elf (0/3) Orc:2        Vaults (0/5) D:13
 Depths (0/5) D:15

Altars:
Dithmenos
Gozag
Kikubaaqudgha
Okawaru
Qazlal
Ru
Trog
Vehumet
Wu Jian
Xom
Zin
The Shining One
Beogh
Jiyva

Shops:
D:6 *   D:7 [   D:9 [   D:14 %   Orc:2 }([(:   Shoals:1 [

Annotations:
D:13 exclusion: ice statue
Shoals:4 Ilsuiw


Innate Abilities, Weirdness & Mutations

You cannot be hasted, slowed, berserked, paralysed or teleported.
You can dig through walls and to a lower floor.
Your four strong arms can wield two-handed weapons with a shield.
You have a pair of large antennae on your head. (SInv)
You have a somewhat thin skeletal structure. (Dex +2, Stealth)
Your magical capacity is low. (-10% MP)
Your natural rate of healing is unusually fast.
You are robust. (+10% HP)


Message History

You miss the sea snake.
The sea snake is severely wounded.
* * * LOW HITPOINT WARNING * * *
Your lungs strain for air!
The merfolk aquamancer points at you and mumbles some strange words.
Your +1 large shield of reflection reflects the shard of ice!
The shard of ice misses the merfolk aquamancer.
You block the merfolk impaler's attack.
The merfolk javelineer throws a javelin.
The javelin hits you!
* * * LOW HITPOINT WARNING * * *
You slice the sea snake!!
Lightning courses through the sea snake!
You kill the sea snake!
Okawaru accepts your kill.
* * * LOW HITPOINT WARNING * * *
Your lungs strain for air!
You block the water elemental's attack. x2
The snapping turtle bites you from afar!
You die...

...............
##...............
≈≈(≈............. ..
≈≈≈≈≈............. .)
.≈≈P≈≈............. P.
..≈≈P≈≈...<......... .P
...≈P≈≈≈.....m..m..((
...≈≈P≈≈P≈≈....Em.......
.P≈≈PP≈≈≈≈≈....(@mm...(≈
#.≈≈P≈P≈≈≈≈≈..[Em)§...m.
#.PPP≈≈≈≈≈≈≈≈...m.t..≈≈≈
##.≈≈≈≈≈≈≈≈≈(≈≈≈≈.....≈≈
#.PHP≈≈≈≈≈(≈≈≈≈((≈≈≈≈≈≈
#PP≈PP≈≈≈≈#≈≈###≈(≈≈≈≈≈
##.≈PPPP≈)≈#######≈≈(≈≈≈≈≈.
..≈≈≈≈(≈(###.##..###≈≈≈≈..#
.≈≈≈≈PP≈≈≈#{..≈...##≈≈....#


You could see Ilsuiw (invisible), a merfolk impaler, 2 merfolk javelineers, a
merfolk aquamancer, a snapping turtle, a merfolk, 2 water elementals, a merfolk
siren and a water nymph.

Vanquished Creatures
  Saint Roka (Orc:2)
  Rupert (D:15)
  Frances (D:13)
  Roxanne (D:14)
  A frost giant (Shoals:3)
  The ghost of Buijilu the Geomancer, an adept GrEE of Vehumet (D:15)
  Azrael (D:15)
  A minotaur (Lab)
  An ettin (Orc:2)
  Snorg (D:13)
  A merfolk impaler (Shoals:2)
  2 merfolk javelineers (Shoals:4)
  A yaktaur captain (D:15)
  Fannar (D:12)
  Josephine (Lair:5)
  2 vault guards
  11 hydras
  3 catoblepae (Lair:6)
  3 centaur warriors
  Erica (D:8)
  An alligator (Lair:6)
  A death knight (D:15)
  4 two-headed ogres
  2 merfolk avatars (Shoals:3)
  6 death yaks (Lair:1)
  6 tengu warriors
  A queen ant (Lair:2)
  A merfolk aquamancer (Shoals:4)
  3 alligator snapping turtles
  An orc high priest (Orc:2)
  2 wizards (D:13)
  An unseen horror (D:14)
  11 sea snakes
  2 necromancers (D:13)
  2 orc knights (D:15)
  5 harpies (Shoals:4)
  5 orc sorcerers
  A wolf spider zombie (D:14)
  A deep elf mage (D:15)
  10 manticores
  16 ugly things
  13 cyclopes
  A faun (Shoals:3)
  5 merfolk sirens
  11 elephants (Lair:5)
  2 water nymphs
  Maurice (D:13)
  2 black mambas
  18 spiny frogs
  A gargoyle (D:13)
  5 freezing wraiths
  6 komodo dragons
  A rime drake (Lair:4)
  A tengu conjurer (D:14)
  16 merfolk
  5 trolls
  20 polar bears
  3 wind drakes
  8 hippogriffs
  13 blink frogs
  3 slime creatures (D:13)
  11 dream sheep (Shoals:3)
  6 snapping turtles
  3 water elementals
  5 wyverns
  A shadow (D:14)
  11 yaks
  A vampire (D:12)
  16 humans (D:13)
  5 wraiths
  A steam dragon (D:9)
  2 fire elementals (D:15)
  2 vampire mosquitoes (D:15)
  9 wargs
  Menkaure (D:7)
  An acid dragon (D:15)
  14 water moccasins
  5 soldier ants (Lair:2)
  19 hell hounds
  8 porcupines
  40 orc warriors
  8 ice beasts
  2 sky beasts
  An eye of draining (D:15)
  4 phantoms
  15 ogres
  13 black bears
  13 centaurs
  13 wolves (Lair:6)
  12 crocodiles
  2 big kobolds
  A wyvern zombie (D:13)
  20 bullfrogs
  A water moccasin zombie (D:4)
  4 scorpions
  13 killer bees (D:12)
  An electric eel (Lair:6)
  6 crimson imps
  4 bullfrog zombies
  4 hounds (D:6)
  2 quasits
  4 centaur zombies
  A bullfrog skeleton (D:8)
  7 centaur skeletons
  3 gnoll shamans
  2 jellies
  22 orc priests
  An iguana (D:9)
  20 orc wizards
  11 worker ants
  A hound zombie (D:4)
  2 hound skeletons (D:4)
  A howler monkey skeleton (D:7)
  3 worker ant zombies
  14 adders
  22 gnolls
  4 shadow imps
  4 white imps (D:13)
  3 oozes
  2 adder zombies (D:4)
  4 adder skeletons
  A worm (D:3)
  A dart slug (D:2)
  2 leopard geckos
  114 orcs
  7 bats
  7 giant cockroaches
  5 hobgoblins
  7 jackals
  16 kobolds
  8 quokkas
  A ball python (Lair:4)
  3 frilled lizards
  10 goblins
  2 leopard gecko skeletons (D:4)
  A leopard gecko zombie (D:4)
  4 rats
  2 plants
875 creatures vanquished.

Vanquished Creatures (others)
  2 merfolk javelineers (Shoals:4)
  3 centaur warriors
  2 merfolk
  A centaur (Shoals:1)
  A crimson imp (D:14)
  An orc (Orc:2)
  2 fungi
  12 plants
  4 toadstools (D:1)
28 creatures vanquished.

Grand Total: 903 creatures vanquished

Notes
Turn   | Place    | Note
-------+----------+-------------------------------------------
     0 | D:1      | vinnietd the Formicid Fighter began the quest for the Orb.
     0 | D:1      | Reached XP level 1. HP: 18/18 MP: 1/1
   100 | D:1      | Reached XP level 2. HP: 12/24 MP: 2/2
   465 | D:1      | Reached XP level 3. HP: 29/29 MP: 3/3
  1342 | D:2      | Reached XP level 4. HP: 28/35 MP: 4/4
  1729 | D:2      | Reached skill level 5 in Shields
  2114 | D:3      | Reached XP level 5. HP: 36/41 MP: 5/5
  2262 | D:3      | Found an iron altar of Okawaru.
  2272 | D:3      | Became a worshipper of Warmaster Okawaru
  2344 | D:3      | Found a shimmering altar of Xom.
  2344 | D:3      | Found a bloodstained altar of Trog.
  2344 | D:3      | Found a glowing golden altar of the Shining One.
  2657 | D:3      | Found an opulent altar of Gozag.
  2657 | D:3      | Found a glowing silver altar of Zin.
  2959 | D:4      | Noticed a phantom
  3028 | D:4      | Killed a phantom
  3028 | D:4      | Reached XP level 6. HP: 8/47 MP: 2/6
  3287 | D:4      | Noticed an ogre
  3324 | D:4      | Killed an ogre
  3324 | D:4      | Reached * piety under Okawaru
  3324 | D:4      | Reached skill level 5 in Long Blades
  3324 | D:4      | Reached XP level 7. HP: 25/52 MP: 2/7
  4101 | D:5      | Entered Level 5 of the Dungeon
  4127 | D:5      | Reached XP level 8. HP: 43/58 MP: 5/8
  4420 | D:5      | Found an ancient bone altar of Kikubaaqudgha.
  4540 | D:5      | Found a staircase to the Ecumenical Temple.
  4677 | D:5      | Reached ** piety under Okawaru
  4701 | D:5      | Found a shadowy altar of Dithmenos.
  4983 | D:6      | Found a stormy altar of Qazlal.
  4986 | D:6      | Found the +3 salamander hide armour {+Rage rF++}
  5195 | D:6      | Found Kuem's General Store.
  5225 | D:6      | Reached XP level 9. HP: 22/65 MP: 5/9
  5227 | D:6      | Bought a +0 large shield for 58 gold pieces
  5870 | D:7      | Reached *** piety under Okawaru
  6239 | D:7      | Reached skill level 10 in Long Blades
  6247 | D:7      | Reached skill level 5 in Fighting
  6247 | D:7      | Reached skill level 5 in Armour
  6351 | D:7      | Found Bopac's Antique Armour Boutique.
  6360 | D:7      | Bought a pair of glowing gloves for 142 gold pieces
  6554 | D:7      | Noticed Menkaure
  6565 | D:7      | Killed Menkaure
  6656 | D:8      | Noticed a two-headed ogre
  6671 | D:7      | Reached skill level 1 in Invocations
  6834 | D:7      | Reached **** piety under Okawaru
  6865 | D:7      | Killed a two-headed ogre
  6865 | D:7      | Reached XP level 10. HP: 47/76 MP: 5/11
  7004 | D:8      | Noticed Erica
  7024 | D:8      | Killed Erica
  7058 | D:8      | Reached ***** piety under Okawaru
  7562 | D:9      | Found Yloinan's Antique Armour Emporium.
  7569 | D:9      | Bought a runed scarf for 184 gold pieces
  7590 | D:9      | Found a roughly hewn altar of Beogh.
  7961 | D:9      | Found an ornate altar of the Wu Jian Council.
  8263 | D:9      | Found a staircase to the Orcish Mines.
  8283 | D:9      | Found a sacrificial altar of Ru.
  8414 | D:9      | Received a gift from Okawaru
  8452 | D:9      | Reached XP level 11. HP: 63/83 MP: 3/14
  8674 | D:9      | Found a staircase to the Lair.
  8860 | D:10     | Entered Level 10 of the Dungeon
  8983 | D:10     | Reached skill level 5 in Invocations
  9110 | D:10     | Found a shimmering altar of Xom.
  9456 | D:11     | Noticed a tengu warrior
  9478 | D:11     | Killed a tengu warrior
  9674 | D:11     | Noticed a cyclops
  9684 | D:11     | Killed a cyclops
  9725 | D:11     | Noticed a seven-headed hydra
  9735 | D:11     | Noticed a manticore
  9816 | D:10     | Killed a 12-headed hydra
 10471 | D:12     | Noticed Fannar
 10514 | D:12     | Killed Fannar
 10514 | D:12     | Received a gift from Okawaru
 10857 | D:12     | Reached XP level 12. HP: 84/92 MP: 1/16
 11593 | D:13     | Found a radiant altar of Vehumet.
 11625 | D:13     | Noticed a five-headed hydra
 11635 | D:13     | Killed a one-headed hydra
 11635 | D:13     | Reached skill level 10 in Shields
 11712 | D:13     | Noticed Maurice
 11736 | D:13     | Killed Maurice
 12134 | D:13     | Gained mutation: You have sharp toenails. [potion of mutation]
 12134 | D:13     | Gained mutation: You possess an exceptional clarity of mind. [potion of mutation]
 12134 | D:13     | Gained mutation: You are somewhat resistant to further mutation. [potion of mutation]
 12136 | D:13     | Lost mutation: You are somewhat resistant to further mutation. [potion of mutation]
 12136 | D:13     | Lost mutation: You possess an exceptional clarity of mind. [potion of mutation]
 12136 | D:13     | Gained mutation: You have razor-sharp toenails. [potion of mutation]
 12136 | D:13     | Gained mutation: Your magical capacity is low. (-10% MP) [potion of mutation]
 12136 | D:13     | Gained mutation: Your natural rate of healing is unusually fast. [potion of mutation]
 12213 | D:13     | Noticed a wizard
 12215 | D:13     | Found a gate to the Vaults.
 12215 | D:13     | Noticed a wizard
 12216 | D:13     | Noticed a vault guard
 12216 | D:13     | Noticed a vault guard
 12247 | D:13     | Killed a wizard
 12250 | D:13     | Killed a wizard
 12317 | D:12     | Killed a vault guard
 12317 | D:12     | Received a gift from Okawaru
 12514 | D:13     | Reached ****** piety under Okawaru
 12514 | D:13     | Reached XP level 13. HP: 101/101 MP: 17/17
 12616 | D:13     | Killed a vault guard
 12949 | D:13     | Lost mutation: You have razor-sharp toenails. [potion of mutation]
 12949 | D:13     | Lost mutation: Your magical capacity is low. (-10% MP) [potion of mutation]
 12949 | D:13     | Lost mutation: You have sharp toenails. [potion of mutation]
 12949 | D:13     | Gained mutation: Your magical capacity is low. (-10% MP) [potion of mutation]
 12949 | D:13     | Gained mutation: You are robust. (+10% HP) [potion of mutation]
 12949 | D:13     | Gained mutation: You have a somewhat thin skeletal structure. (Dex +2, Stealth) [potion of mutation]
 13271 | D:13     | Noticed Snorg
 13288 | D:13     | Killed Snorg
 13391 | D:13     | You fall through a shaft for 2 floors!
 13391 | D:15     | Entered Level 15 of the Dungeon
 13392 | D:15     | Noticed a centaur warrior
 13393 | D:15     | Noticed a yaktaur captain
 13394 | D:15     | Noticed a centaur warrior
 13406 | D:15     | Noticed a centaur warrior
 13416 | D:15     | Killed a centaur warrior
 13421 | D:15     | Noticed Rupert
 13667 | D:13     | Noticed Frances
 13715 | D:13     | Killed Frances
 13732 | D:13     | Reached skill level 10 in Fighting
 13757 | D:13     | Reached skill level 10 in Armour
 13949 | Orc:1    | Entered Level 1 of the Orcish Mines
 14033 | Orc:1    | Found a roughly hewn altar of Beogh.
 14320 | Orc:2    | Entered Level 2 of the Orcish Mines
 14320 | Orc:2    | Found a roughly hewn altar of Beogh.
 14329 | Orc:2    | Found Jaaruef's Book Shop.
 14579 | Orc:2    | Noticed Saint Roka
 14864 | Orc:2    | Killed Saint Roka
 14864 | Orc:2    | Received a gift from Okawaru
 14864 | Orc:2    | Reached skill level 10 in Invocations
 14864 | Orc:2    | Reached XP level 14. HP: 39/122 MP: 1/19
 14865 | Orc:2    | Got a pair of warped boots {god gift}
 14926 | Orc:1    | Identified the +0 pair of boots of the Buccaneer {rElec rN+ Str+3} (Okawaru gifted it to you on level 2 of the Orcish Mines)
 15013 | Orc:2    | Found Igim's Antique Weapon Boutique.
 15014 | Orc:2    | Found a roughly hewn altar of Beogh.
 15017 | Orc:2    | Found Gutis's Antique Armour Shop.
 15050 | Orc:2    | Found a staircase to the Elven Halls.
 15135 | Orc:2    | Found a roughly hewn altar of Beogh.
 15136 | Orc:2    | Found Koured's Antique Weapon Shop.
 15340 | Orc:2    | Found a roughly hewn altar of Beogh.
 15633 | Orc:2    | Found a roughly hewn altar of Beogh.
 15897 | Orc:2    | Found a roughly hewn altar of Beogh.
 16063 | Orc:2    | Found a roughly hewn altar of Beogh.
 16086 | Orc:2    | Found Ewnaycli's Gadget Shoppe.
 16301 | Lair:1   | Entered Level 1 of the Lair of Beasts
 17461 | Lair:2   | Received a gift from Okawaru
 17929 | Lair:2   | Got a heavily runed glass ring
 17999 | Lair:2   | Identified the ring of Nonuisui {*Drain rPois rC+ Int+3} (You found it on level 2 of the Lair of Beasts)
 18100 | Lair:2   | Got a bloodstained scale mail
 18101 | Lair:2   | Identified the +0 scale mail of Insecurity {*Drain rElec rN+ Str+2} (You found it on level 2 of the Lair of Beasts)
 18290 | D:6      | Bought the +12 chain mail of Resonance {Regen+ Str+5 Dex+3} for 1147 gold pieces
 18516 | Lair:3   | Reached XP level 15. HP: 132/132 MP: 21/21
 18656 | Lair:3   | Found a staircase to the Shoals.
 18664 | Lair:3   | Received a gift from Okawaru
 19185 | Lair:4   | Found a labyrinth entrance.
 19231 | Lab      | Entered a labyrinth
 20306 | Lair:4   | Found a staircase to the Snake Pit.
 21042 | Lair:5   | Noticed Josephine
 21047 | Lair:5   | Killed Josephine
 21087 | Lair:5   | Received a gift from Okawaru
 21729 | Lair:6   | Entered Level 6 of the Lair of Beasts
 21963 | Lair:6   | Found a runed door.
 21965 | Lair:6   | Found a viscous altar of Jiyva.
 21972 | Lair:6   | Found a staircase to the Slime Pits.
 22377 | Lair:6   | Received a gift from Okawaru
 22404 | Lair:6   | Got an ichor-stained plate armour {god gift}
 22407 | Lair:6   | Identified the +9 plate armour "Epixtiho" {Slay+3} (Okawaru gifted it to you on level 6 of the Lair of Beasts)
 22562 | Lair:6   | Reached XP level 16. HP: 138/143 MP: 23/23
 23449 | D:14     | Found Meessi's Food Boutique.
 23658 | D:14     | Noticed Roxanne
 23684 | D:14     | Killed Roxanne
 23695 | D:14     | Learned a level 6 spell: Statue Form
 23778 | D:14     | Received a gift from Okawaru
 23779 | D:14     | Got a twisted triple sword {god gift}
 23789 | D:14     | Identified the +2 triple sword "Qoqo" {antimagic, *Corrode rPois Int+5} (Okawaru gifted it to you on level 14 of the Dungeon)
 23831 | D:14     | Reached skill level 1 in Earth Magic
 23919 | D:14     | Reached skill level 1 in Transmutations
 24102 | D:15     | Reached skill level 1 in Spellcasting
 24606 | D:15     | Found a runed door.
 24606 | D:15     | Noticed Buijilu's ghost (adept GrEE)
 24705 | D:15     | Killed Buijilu's ghost
 24705 | D:15     | Reached skill level 15 in Shields
 24936 | D:15     | Killed Rupert
 25027 | D:15     | Noticed Azrael
 25038 | D:15     | Killed Azrael
 25038 | D:15     | Reached XP level 17. HP: 50/151 MP: 24/24
 25193 | D:15     | Found a staircase to the Depths.
 25278 | D:15     | Reached skill level 15 in Long Blades
 25625 | Shoals:1 | Entered Level 1 of the Shoals
 25625 | Shoals:1 | Found Jeinocod's Antique Armour Shoppe.
 25685 | Shoals:1 | Received a gift from Okawaru
 26483 | Shoals:2 | Found the +9 scales of the Dragon King {rPois rF+ rC+ MR+}
 26888 | Shoals:3 | Found a transporter.
 26965 | Shoals:3 | Received a gift from Okawaru
 26974 | Shoals:3 | Reached skill level 5 in Earth Magic
 27524 | Shoals:3 | Found a transporter.
 27927 | Shoals:3 | Reached skill level 5 in Transmutations
 27952 | Shoals:3 | Got a glittering copper ring
 27961 | Shoals:3 | Got a faintly glowing ruby amulet
 27964 | Shoals:3 | Got a scorched jade ring
 27981 | Shoals:3 | Identified the amulet of Anarchy {Reflect rC+++ Str+6 Dex+4 SH+2 Stlth-} (You found it on level 3 of the Shoals)
 27983 | Shoals:3 | Identified the ring of Lagesyqe {rPois rF+ rC+} (You found it on level 3 of the Shoals)
 27985 | Shoals:3 | Identified the ring "Tuozu" {AC+4 Dex+5} (You found it on level 3 of the Shoals)
 28161 | Shoals:4 | Entered Level 4 of the Shoals
 28467 | Shoals:4 | Noticed Ilsuiw
 28470 | Shoals:4 | Reached skill level 5 in Spellcasting
 28497 | Shoals:4 | Received a gift from Okawaru
 28502 | Shoals:4 | Reached XP level 18. HP: 51/161 MP: 21/25
 28520 | Shoals:4 | HP: 8/161 [drowned by a water elemental[Ilsuiw] (2)]
 28520 | Shoals:4 | Slain by a snapping turtle

Vault maps used:
D:1:      ldierk_walled_garden_2, minmay_misc_feat_cross,
          minmay_stone_trees_medium
D:3:      grunt_temple_overflow_gold_and_silver,
          gammafunk_temple_overflow_forgotten, okawaru_metal_pillars_1_2,
          first_ration
D:4:      serial_undead, serial_undead_a, serial_undead_f, serial_undead_c,
          serial_undead_c, kennysheep_generic_room_13
D:5:      grunt_dithmenos_shadows, marbit_many_paths,
          minmay_temple_entry_junction
D:6:      grunt_qazlal_sundering, serial_shops, nicolae_shop_crystal
D:7:      serial_shops, shop, uniq_menkaure
D:8:      hangedman_decor_peaks_small, uniq_erica
D:9:      nicolae_ru_path_of_blood, lemuel_crystal_altar, erik_lair_dragon,
          orc_0_dummy, serial_shops, nicolae_shop_stone
D:10:     basic_altar
D:11:     grunt_tengu_nest
D:12:     uniq_fannar
D:13:     grunt_vaults_entry_tiered, basic_altar, ice2_lemuel, uniq_frances,
          uniq_snorg, uniq_maurice
D:14:     serial_shops, nicolae_shop_trees, kennysheep_small_spiral,
          lightli_fourway_metalbox, uniq_roxanne
D:15:     hangedman_depths_entry_civil_slaughter,
          hellmonk_ghost_happy_afterlife, uniq_rupert, uniq_azrael
Lair:1:   grunt_megastairs_3, infiniplex_staircase_pool_2
Lair:2:   wad_woods_antlair
Lair:3:   minmay_shoals_entry_centaurs, beast_lair_carwin_9
Lair:4:   minmay_snake_entry_six_corridors, lab_entry_generic,
          lemuel_fruit_fields
Lair:5:   beast_lair_carwin_1, uniq_josephine
Lair:6:   hangedman_lair_caniforms_friends, slime_altar_2, serial_bayou_shore_b
Shoals:1: serial_shops, nicolae_shop_crystal
Shoals:2: nicolae_shoals_dead_sea_scrolls
Shoals:3: gammafunk_its_a_trap, st_cyclops
Shoals:4: shoals_end_grunt_ice, shoals_ilsuiw_ice
Orc:1:    basic_altar
Orc:2:    grunt_orc_community_town_hall, grunt_orc_community_big_house_1,
          grunt_orc_community_big_house_2, grunt_orc_community_house_2,
          grunt_orc_community_house_2, grunt_orc_community_house_3,
          grunt_orc_community_house_1, grunt_orc_community_house_2, basic_altar,
          serial_shops, nicolae_shop_statue_plus

Skill      XL: |  1  2  3  4  5  6  7  8  9 10 11 12 13 14 15 16 17 |
---------------+----------------------------------------------------+-----
Shields        | 4 5 6 7 8 9 10 12 13 14 15 | 15.0
Long Blades    | 3 4 5 7 9 10 11 12 13 14 15 | 15.8
Fighting       | 4 5 6 8 9 10 11 13 14 | 14.3
Armour         | 4 5 6 8 9 10 11 13 14 | 14.2
Invocations    | 2 4 6 8 10 11 13 | 13.3
Earth Magic    | 3 6 |  6.1
Transmutations | 3 5 |  5.5
Spellcasting   | 2 5 |  5.1

Action                   |  1- 3 |  4- 6 |  7- 9 | 10-12 | 13-15 | 16-18 || total
-------------------------+-------+-------+-------+-------+-------+-------++-------
Melee: Long sword        |    77 |   198 |   421 |    42 |       |       ||   738
       Scimitar          |       |       |       |   162 |    80 |    24 ||   266
       Falchion          |       |       |       |   117 |  1603 |       ||  1720
       Demon blade       |       |       |       |   609 |    58 |   283 ||   950
       Great sword       |       |       |       |       |   421 |   670 ||  1091
       Triple sword      |       |       |       |       |       |    13 ||    13
Invok: Heroism           |       |       |     1 |     3 |     8 |       ||    12
       Finesse           |       |       |       |     1 |     2 |     7 ||    10
 Abil: Dig               |       |       |       |       |    13 |       ||    13
Evoke: Wand              |       |     1 |     4 |     8 |     5 |       ||    18
  Use: Scroll            |       |    13 |     3 |     7 |     7 |     2 ||    32
       Potion            |       |     3 |     1 |     8 |     7 |     8 ||    27
 Stab: Paralysed         |       |       |     5 |       |     9 |       ||    14
       Invisible         |       |       |       |       |     2 |       ||     2
       Distracted        |       |       |       |       |       |     1 ||     1
  Eat: Chunk             |     1 |     6 |    10 |    12 |    21 |    14 ||    64
       Ration            |       |       |     1 |     5 |     8 |     3 ||    17
Armor: Scale mail        |    46 |    15 |       |       |       |       ||    61
       Ring mail         |       |    56 |    52 |       |       |       ||   108
       Leather armour    |       |       |    10 |       |       |       ||    10
       Plate armour      |       |       |    49 |   265 |   470 |   199 ||   983
       Chain mail        |       |       |       |       |   203 |       ||   203
       Gold dragon scale |       |       |       |       |       |   162 ||   162
Dodge: Dodged            |    34 |    55 |    82 |    84 |   329 |   124 ||   708
       Deflected         |       |       |       |     1 |    11 |    19 ||    31
Block: Shield            |    57 |    83 |   114 |       |       |       ||   254
       Large shield      |       |       |   124 |   626 |  2016 |   969 ||  3735
       Reflection        |       |       |       |       |     7 |    95 ||   102
       Rpst.: Long sword |     8 |    14 |    25 |       |       |       ||    47
       Scimitar          |       |       |       |     3 |     3 |     1 ||     7
       Falchion          |       |       |       |     3 |    58 |       ||    61
       Demon blade       |       |       |       |    19 |       |     7 ||    26
       Great sword       |       |       |       |       |    25 |    21 ||    46

Table legend:
 A = Spawn XP
 B = Non-spawn XP
 C = Spawn XP percentage of total XP
 D = Spawn monster count
 E = Non-spawn monster count
 F = Spawn count percentage of total count
 G = Total turns spent on level
                    A         B        C        D         E        F      G
               +---------+---------+-------+---------+---------+-------+---------
         Total |       0 |  206262 |   0.0 |       0 |     882 |   0.0 | 28520
               +---------+---------+-------+---------+---------+-------+---------
           D:1 |       0 |      60 |   0.0 |       0 |      25 |   0.0 |  1198
           D:2 |       0 |      53 |   0.0 |       0 |      16 |   0.0 |   891
           D:3 |       0 |      99 |   0.0 |       0 |      24 |   0.0 |   847
           D:4 |       0 |     712 |   0.0 |       0 |      25 |   0.0 |  1165
           D:5 |       0 |     659 |   0.0 |       0 |      14 |   0.0 |   834
           D:6 |       0 |     653 |   0.0 |       0 |      14 |   0.0 |   841
           D:7 |       0 |    2477 |   0.0 |       0 |      40 |   0.0 |  1472
           D:8 |       0 |    2242 |   0.0 |       0 |      30 |   0.0 |   622
           D:9 |       0 |    1863 |   0.0 |       0 |      35 |   0.0 |  1631
          D:10 |       0 |    1827 |   0.0 |       0 |      14 |   0.0 |  1000
          D:11 |       0 |    1918 |   0.0 |       0 |       7 |   0.0 |   555
          D:12 |       0 |    6354 |   0.0 |       0 |      39 |   0.0 |  1267
          D:13 |       0 |   17492 |   0.0 |       0 |      56 |   0.0 |  2161
          D:14 |       0 |   17091 |   0.0 |       0 |      33 |   0.0 |   988
          D:15 |       0 |   29178 |   0.0 |       0 |      66 |   0.0 |  1310
        Lair:1 |       0 |   10136 |   0.0 |       0 |      25 |   0.0 |  1186
        Lair:2 |       0 |    8082 |   0.0 |       0 |      34 |   0.0 |   868
        Lair:3 |       0 |    6274 |   0.0 |       0 |      20 |   0.0 |   599
        Lair:4 |       0 |    2166 |   0.0 |       0 |      21 |   0.0 |   834
        Lair:5 |       0 |   12047 |   0.0 |       0 |      37 |   0.0 |   833
        Lair:6 |       0 |   18614 |   0.0 |       0 |      81 |   0.0 |  1241
      Shoals:1 |       0 |    6856 |   0.0 |       0 |      17 |   0.0 |   614
      Shoals:2 |       0 |    8219 |   0.0 |       0 |      18 |   0.0 |   648
      Shoals:3 |       0 |   19063 |   0.0 |       0 |      40 |   0.0 |  1274
      Shoals:4 |       0 |   14841 |   0.0 |       0 |      23 |   0.0 |   359
         Orc:1 |       0 |    1439 |   0.0 |       0 |      17 |   0.0 |   801
         Orc:2 |       0 |   14719 |   0.0 |       0 |     110 |   0.0 |  1443
           Lab |       0 |    1128 |   0.0 |       0 |       1 |   0.0 |  1038
               +---------+---------+-------+---------+---------+-------+---------
